Map: Daybreak LE (Void)

Players

Nice

  • Race: Protoss Protoss
  • League: Master
  • Spawn Location: 1:00

thermy (uThermal) - Winner!

  • Race: Terran Terran
  • League: Master
  • Spawn Location: 7:00

Event: NationWars IV

VOD

Have the link to the VOD?

Description

Time

  • Played on: Jan. 2, 2017, 2:50 p.m.
  • Length: 12:58

All games in this series

Show
View Real Time Build Order
Export as new Build Order

Nice Protoss 

Build Orders:  

Get SALT Encoding   

  12  0:01  Probe (Chrono Boost)  
  13  0:12  Probe (Chrono Boost)  
  14  0:19  Pylon  
  14  0:22  Probe (Chrono Boost)  
  15  0:37  Probe (Chrono Boost), Gateway  
  16  0:48  Probe (Chrono Boost)  
  16  0:49  Assimilator  
  17  0:54  Assimilator  
  17  0:58  Probe (Chrono Boost)  
  18  1:06  Gateway  
  18  1:09  Probe (Chrono Boost)  
  19  1:20  Probe (Chrono Boost)  
  20  1:27  Cybernetics Core  
  20  1:30  Probe (Chrono Boost)  
  21  1:41  Probe (Chrono Boost)  
  21  1:43  Pylon  
  22  1:52  Probe (Chrono Boost)  
  22  1:53  Warp Gate  
  23  2:04  Stalker x2  
  29  2:15  Mothership Core (Chrono Boost)  
  29  2:20  Pylon  
  29  2:34  Stalker  
  31  2:38  Stalker  
  33  2:51  Robotics Facility  
  33  3:00  Gateway  
  33  3:20  Pylon  
  33  3:22  Pylon  
  33  3:25  Pylon  
  33  3:26  Stalker x2  
  37  3:36  Warp Prism  
  39  3:48  Pylon  
  37  4:08  Stalker x2  
  38  4:14  Observer  
  38  4:17  Pylon  
  39  4:36  Adept  
  39  4:37  Adept x2  
  41  4:47  Immortal  
  37  4:55  Probe (Chrono Boost)  
  38  5:02  Adept  
  38  5:06  Sentry x2  
  43  5:21  Immortal  
  47  5:43  Pylon  
  47  5:44  Pylon  
  47  5:56  Immortal  
  47  6:03  Sentry x2  
  55  6:05  Zealot  
  53  6:38  Zealot  
  55  6:43  Immortal  
  51  7:02  Stalker  
  25  7:23  Immortal  
  23  7:50  Zealot  
  25  7:54  Assimilator  
  25  8:04  Observer  
Show
View Real Time Build Order
Export as new Build Order

thermy Terran - Winner!

Build Orders: Cyclone Opening 

Get SALT Encoding   

  12  0:01  SCV  
  13  0:13  SCV  
  14  0:18  Supply Depot  
  14  0:25  SCV  
  15  0:39  SCV  
  15  0:40  Barracks  
  16  0:46  Refinery  
  16  0:52  SCV  
  17  1:04  SCV  
  18  1:16  SCV  
  19  1:28  Orbital Command  
  19  1:29  Marine  
  20  1:42  Command Center  
  20  1:54  SCV  
  21  1:57  Factory  
  21  2:04  Barracks Reactor  
  21  2:06  SCV  
  22  2:16  Bunker  
  22  2:18  Supply Depot  
  22  2:20  SCV  
  23  2:40  SCV  
  23  2:41  Marine x2  
  23  2:42  Cyclone  
  29  2:52  SCV  
  29  2:54  Orbital Command  
  30  2:59  Marine x2  
  30  3:04  SCV  
  33  3:08  Refinery  
  33  3:17  Marine x2, Factory Tech Lab  
  35  3:21  SCV x2  
  37  3:28  Supply Depot  
  37  3:33  SCV x2  
  39  3:37  Siege Tank  
  42  3:41  Supply Depot  
  42  3:45  Marine x2  
  44  3:50  Bunker, SCV  
  44  3:52  SCV  
  45  4:02  Marine, SCV  
  44  4:03  Marine  
  44  4:04  SCV  
  47  4:11  Siege Tank  
  47  4:14  SCV  
  47  4:16  SCV  
  52  4:17  Engineering Bay  
  52  4:20  Marine  
  53  4:26  SCV  
  53  4:31  Starport  
  54  4:32  Marine  
  54  4:38  Marine  
  54  4:39  SCV  
  54  4:42  SCV  
  53  4:51  SCV  
  52  4:54  SCV  
  52  4:59  Siege Tank  
  56  5:02  Marine  
  56  5:03  SCV  
  58  5:07  SCV  
  59  5:15  SCV  
  59  5:18  Missile Turret  
  59  5:20  Marine x2  
  59  5:21  Missile Turret  
  62  5:32  SCV  
  62  5:35  Supply Depot  
  62  5:47  Supply Depot  
  62  5:49  Supply Depot  
  62  5:56  Marine  
  62  5:58  Supply Depot  
  62  6:02  Supply Depot  
  62  6:08  Marine, Viking  
  62  6:09  SCV x2, Siege Tank  
  69  6:14  Marine  
  69  6:15  Supply Depot  
  70  6:21  SCV x2, Liberator  
  71  6:27  Marine  
  72  6:33  SCV x2  
  70  6:43  Marine  
  70  6:45  SCV x2  
  56  6:57  SCV  
  56  7:01  Siege Tank  
  47  7:05  Marine  
  40  7:11  Marine  
  40  7:27  Marine  
  33  7:34  Marine  
  29  7:45  Marine  
  27  8:02  Marine  
  27  8:03  Marine  
  27  8:04  Viking  
  27  8:05  SCV  
  27  8:08  SCV  
  27  8:17  SCV  
  6  8:55  Orbital Command  
  6  9:48  Orbital Command  
  6  10:05  Orbital Command  
  6  10:15  SCV  
  6  10:27  SCV  
  7  10:29  Barracks  
  7  10:31  SCV  
  8  10:44  Barracks  
  8  10:47  Orbital Command  
  8  10:48  SCV  
  9  11:00  SCV  
  9  11:13  SCV x2  
  10  11:25  SCV  
  10  11:32  Marine, Bunker  
  11  11:34  Bunker  
  11  11:38  SCV  
  10  11:50  SCV  
  10  12:02  SCV  
  10  12:05  Marine  
  10  12:14  SCV  
Tags
 
Add a new tag
Caveats
  • Supply blocks, unpowered buildings, or Contaminate may cause inaccurate times.
  • Supply counts are checked every 10 seconds.